 Dungeon Crawl Stone Soup version 0.30-a0-311-gf115ab0292 (webtiles) character file.

Game seed: 411604659144255739

196809 porpoise the Fencer (level 17, -7/127 HPs)
             Began as a Demonspawn Monk on Oct 23, 2022.
             Was the Champion of Hepliaklqana.
             Mangled by Donald
             ... wielding a +1 double sword of freezing
              (9 damage)
             ... on level 2 of the Spider Nest on Oct 26, 2022.
             The game lasted 03:15:11 (40298 turns).

porpoise the Fencer (Demonspawn Monk)              Turns: 40298, Time: 03:15:12

Health: -7/127     AC: 33    Str: 14    XL:     17   Next: 75%
Magic:  23/26      EV: 21    Int: 16    God:    Hepliaklqana [******]
Gold:   1743       SH: 17    Dex: 28    Spells: 16/16 levels left

rFire   + . .      SeeInvis +    a - +9 long sword of the Red Skies {vorpal, rF+ Str-3 Int+5 Stlth+}
rCold   . . .      Faith    .    k - +0 buckler
rNeg    . . .      Spirit   .    U - +5 swamp dragon scales
rPois   +          Reflect  +    d - +2 helmet {SInv}
rElec   .          Harm     .    g - +0 cloak
rCorr   .          Rampage  .    O - +1 pair of gloves {Str+3}
Will    +....                    e - +2 pair of boots {Fly}
Stlth   ++++++....               q - amulet of reflection
HPRegen 0.41/turn                K - +6 ring of dexterity
MPRegen 0.20/turn                A - +4 ring of slaying

@: mighty, flying, studying Armour
A: reduced essence, thin metallic scales 2, foul stench 1, icemail 1,
condensation shield, weakness stinger 2
}: 1/15 runes: decaying
a: Renounce Religion, Recall Ancestor, Ancestor Identity, Transference, Idealise


You were on level 2 of the Spider Nest.
You worshipped Hepliaklqana.
Hepliaklqana was exalted by your worship.
You visited 5 branches of the dungeon, and saw 29 of its levels.
You also visited: Ossuary.

You collected 3401 gold pieces.
You spent 1658 gold pieces at shops.

Inventory:

Hand Weapons
 a - the +9 long sword of the Red Skies (weapon) {vorpal, rF+ Str-3 Int+5 Stlth+}
   (You found it on level 7 of the Dungeon)

   It inflicts extra damage upon your enemies.
   Str:       It affects your strength (-3).
   Int:       It affects your intelligence (+5).
   rF:        It protects you from fire.
   Stlth:     It makes you more stealthy.
 b - a +3 dagger of venom
 w - a +1 scimitar of flaming
Missiles
 n - 60 poisoned darts
 D - 2 datura-tipped darts
 G - 2 curare-tipped darts (quivered)
Armour
 d - a +2 helmet of see invisible (worn)
 e - a +2 pair of boots of flying (worn)
 g - a +0 cloak (worn)
 k - a +0 buckler (worn)
 O - a +1 pair of gloves of strength (worn)
 U - +5 swamp dragon scales (worn)
Jewellery
 m - a ring of resist corrosion
 q - an amulet of reflection (around neck)
 r - a ring of willpower
 A - a +4 ring of slaying (right hand)
 K - a +6 ring of dexterity (left hand)
Wands
 h - a wand of mindburst (50)
 v - a wand of flame (36)
 z - a wand of polymorph (10)
 C - a wand of paralysis (51)
 P - a wand of roots (11)
 T - a wand of digging (17)
Scrolls
 s - 3 scrolls of fear
 y - 5 scrolls of vulnerability
 F - 4 scrolls of fog
 H - 9 scrolls of teleportation
 M - 2 scrolls of poison
 Q - a scroll of magic mapping
 R - 12 scrolls of identify
 S - a scroll of blinking
Potions
 c - 3 potions of ambrosia
 i - 4 potions of heal wounds
 j - 3 potions of resistance
 o - a potion of attraction
 p - 6 potions of curing
 t - 5 potions of might
 u - 7 potions of lignification
 x - 2 potions of invisibility
 I - a potion of cancellation
 L - a potion of haste
Miscellaneous
 f - a phantom mirror
 B - a lightning rod (4/4)
 E - a condenser vane


   Skills:
 - Level 15.0 Fighting
 + Level 9.9(13.7) Short Blades
 - Level 15.1(16.3) Long Blades
 + Level 5.7 Throwing
 + Level 10.8 Armour
 - Level 12.0 Dodging
 - Level 10.0 Stealth
 - Level 9.0 Shields
 - Level 12.0 Invocations
 - Level 7.6 Evocations


You had 16 spell levels left.
You didn't know any spells.
Your spell library contained the following spells:

 Spells                   Type           Power      Damage    Failure   Level
 Apportation              Tloc           0%         N/A       47%         1
 Freeze                   Ice            0%         1d3       47%         1
 Sandblast                Erth           0%         2d4       47%         1
 Shock                    Conj/Air       0%         1d3       47%         1
 Blink                    Tloc           0%         N/A       63%         2
 Cigotuvi's Dreadful Rot  Necr/Pois/Air  0%         N/A       63%         2
 Ensorcelled Hibernation  Hex/Ice        0%         N/A       63%         2
 Passwall                 Tmut/Erth      0%         N/A       63%         2
 Poisonous Vapours        Pois/Air       0%         N/A       63%         2
 Dazzling Flash           Conj/Hex       0%         N/A       85%         3
 Frozen Ramparts          Ice            0%         1d1       85%         3
 Hailstorm                Conj/Ice       0%         3d3       85%         3
 Ignite Poison            Fire/Tmut/Pois 0%         N/A       85%         3
 Kindle Blastsparks       Fire/Tloc/Air  0%         2d10      85%         3
 Mephitic Cloud           Conj/Pois/Air  0%         N/A       85%         3
 Ozocubu's Armour         Ice            0%         N/A       85%         3
 Portal Projectile        Hex/Tloc       0%         N/A       85%         3
 Spider Form              Tmut/Pois      0%         N/A       85%         3
 Stone Arrow              Conj/Erth      0%         3d7       85%         3
 Summon Guardian Golem    Hex/Summ       0%         N/A       85%         3
 Swiftness                Air            0%         N/A       85%         3
 Tukima's Dance           Hex            0%         N/A       85%         3
 Airstrike                Air            0%         2d(0-16)  99%         4
 Anguish                  Hex/Necr       0%         N/A       99%         4
 Dispel Undead            Necr           0%         3d6       99%         4
 Leda's Liquefaction      Hex/Erth       0%         N/A       99%         4
 Manifold Assault         Tloc           0%         N/A       99%         4
 Passage of Golubria      Tloc           0%         N/A       99%         4
 Agony                    Necr           0%         N/A       100%        5
 Alistair's Intoxication  Tmut/Pois      0%         N/A       100%        5
 Blade Hands              Tmut           0%         N/A       100%        5
 Freezing Cloud           Conj/Ice/Air   0%         6-21      100%        5
 Lee's Rapid Deconstruct  Erth           0%         3d4*      100%        5
 Metabolic Englaciation   Hex/Ice        0%         N/A       100%        5
 Silence                  Hex/Air        0%         N/A       100%        5
 Yara's Violent Unravell  Hex/Tmut       0%         3d3       100%        5
 Death Channel            Necr           0%         N/A       100%        6
 Simulacrum               Ice/Necr       0%         N/A       100%        6
 Statue Form              Tmut/Erth      0%         N/A       100%        6
 Enfeeble                 Hex            0%         N/A       100%        7
 Orb of Destruction       Conj           0%         9d5       100%        7
 Ozocubu's Refrigeration  Ice            0%         4d7       100%        7
 Spellforged Servitor     Conj/Summ      0%         N/A       100%        7
 Storm Form               Tmut/Air       0%         N/A       100%        7


Dungeon Overview and Level Annotations

Branches:
Dungeon (15/15)            Temple (0/1) D:6            Lair (5/5) D:8
  Swamp (4/4) Lair:2       Spider (3/4) Lair:3        Slime (0/5) Lair:4
    Orc (2/2) D:10            Elf (0/3) Orc:2        Vaults (0/5) D:13
 Depths (0/4) D:15        Ossuary (visited)

Altars:
Fedhas
Gozag
Hepliaklqana
Makhleb
Jiyva
Lugonu

Shops:
D:6 :?   D:9 [   Orc:1 (   Orc:2 [:*(

Portals:
Abyss: Lair:5

Annotations:
D:14 3 runed translucent doors
Spider:2 Donald


Innate Abilities, Weirdness & Mutations

Your life essence is reduced to manifest your ancestor. (-10% HP)
You are mostly covered in thin metallic scales. (AC +3)
You may rarely emit foul miasma when damaged in melee.
A meltable icy envelope protects you from harm. (AC +4)
A meltable shield of frost defends you. (SH +4)
You have a tail ending in a sharp stinger.


Message History

The broodmother bites Niki!
Donald says, "I hate crawling things."
You block Donald's attack. The spark wasp stings you!
The spark wasp shocks you!
Niki hits the broodmother with a +0 dagger of draining!!
The broodmother dies!
As you read the scroll of fear, it crumbles to dust.
You assume a fearsome visage.
The spark wasp looks frightened!
The wolf spider looks frightened!
Donald resists with some effort.
Donald barely misses you.
You slash Donald!
Donald is lightly wounded.
Donald blocks Niki's attack.
You block Donald's attack.
You feel very mighty all of a sudden.
Niki hits Donald with a +0 dagger of draining!
Donald hits you with a +1 double sword of freezing!
Donald freezes you!
* * * LOW HITPOINT WARNING * * *
Donald blocks Niki's attack.
You hit Donald. You tail-slap Donald, but do no damage.
Donald is moderately wounded.
Niki hits Donald with a +0 dagger of draining.
You block Donald's attack.
Niki points at Donald and mumbles some strange words.
Donald resists with almost no effort.
Donald blocks your attack.
You tail-slap Donald, but do no damage.
Donald is heavily wounded.
You slash Donald! You tail-slap Donald, but do no damage.
Donald is severely wounded.
Niki hits Donald with a +0 dagger of draining!
Donald hits Niki with a +1 double sword of freezing!!!
Donald freezes Niki!
Niki is destroyed!
Donald shouts!
Donald blocks your attack.
You tail-slap Donald.
Donald is almost dead.
Donald hits you with a +1 double sword of freezing!!
* * * LOW HITPOINT WARNING * * *
Donald freezes you!
You die...

#.......##......#...#......#####^
...#....##.......^#.#....##..##..
.........#...#..#.......#.....#..
#..#.#.......^...................
.....#....#......#.......#..#....
........#..#.#.#.................
...............†#............#...
.##...#^#....##..@#...........#..
...........#....@†..#............
.<.<##...#....#.###...#..#......#
....[...#....#.#..).......#..#.^.
..#.............^....#.#..^..#...
......#.#.......#####...≈#...>...
......#..#...#.........##.#.#.^..
#.....#....#..#...........#...#..
....#..#.#...#.......#........##.
.......~~...#....#....#...#......


You could see Donald (fast, strong, very poisoned, slow).

Vanquished Creatures
  Arachne (Spider:1)
  Rupert (D:12)
  Frances (Spider:2)
  A thorn hunter (Swamp:1)
  Kirke (D:15)
  2 fenstrider witches
  A ghost moth (Spider:3)
  A stone giant (D:15)
  An orc warlord (Orc:2)
  2 broodmothers (Spider:1)
  The ghost of Ehaohe the Carver, a journeyman DrBe of Trog (Lair:2)
  6 eleionomae
  Nessos (D:13)
  6 bunyips
  3 spark wasps
  The ghost of Mubboch the Covert, a journeyman TeBr of Ashenzari (Lair:2)
  An ettin (Orc:2)
  The ghost of jlumianski the Cleaver, a journeyman DsGl of Qazlal (Orc:2)
  2 entropy weavers (Spider:1)
  Josephine (D:12)
  4 ice dragons (Swamp:4)
  10 hydras
  The ghost of Puis the Skirmisher, a journeyman DgIE (Lair:2)
  Fannar (Lair:3)
  3 vault guards (D:13)
  4 centaur warriors
  2 jorogumos (Spider:1)
  2 ghost crabs
  An ogre mage (D:15)
  9 boulder beetles
  A death knight (D:15)
  4 radroaches
  11 two-headed ogres
  14 alligators
  A tengu warrior (D:10)
  2 orc high priests (Orc:2)
  A death yak (Lair:5)
  2 thrashing horrors (Lair:5)
  Sonja (D:10)
  Nergalle (D:10)
  2 pharaoh ants
  2 sun moths
  Lodul (D:10)
  A skeletal warrior (D:15)
  3 spriggan druids
  3 steelbarb worms (Spider:2)
  4 swamp dragons
  2 goliath frogs (Swamp:3)
  An orb spider (Spider:2)
  4 bog bodies
  3 orc knights (Orc:2)
  A deep elf pyromancer (D:13)
  17 wolf spiders
  7 ugly things
  2 orc sorcerers (Orc:2)
  An oklob plant (Lair:1)
  2 manticores
  2 will-o-the-wisps (Swamp:3)
  6 cyclopes
  A black mamba (shapeshifter) (D:9)
  A moth of wrath (Spider:3)
  Joseph (Lair:1)
  6 black mambas
  A gargoyle (D:10)
  9 komodo dragons
  4 cane toads
  An unseen horror (D:12)
  6 demonic crawlers
  An efreet (D:9)
  5 freezing wraiths
  3 rime drakes
  An ancient zyme (Lair:5)
  5 trolls
  A bloated husk (Swamp:2)
  7 hornets
  16 blink frogs
  7 tyrant leeches
  12 tarantellas
  9 slime creatures
  16 jumping spiders
  A shadow (D:11)
  10 spriggans
  A water elemental (D:15)
  9 culicivoras
  A yak (shapeshifter) (Lair:5)
  4 wyverns
  2 ynoxinuls (Lair:5)
  6 basilisks
  7 wraiths
  38 yaks
  A hog (D:15)
  Eustachio (D:4)
  9 humans (D:13)
  36 redbacks
  A chaos spawn (Lair:5)
  18 vampire mosquitoes
  5 swamp worm simulacra (Swamp:4)
  8 swamp worms
  Edmund (D:4)
  An acid dragon (D:9)
  13 hydra simulacra (Swamp:4)
  12 small abominations (Lair:5)
  12 water moccasins
  30 orc warriors
  3 ice beasts
  4 swamp drakes
  A boggart (D:10)
  22 ogres
  6 black bears
  5 wolves (Lair:4)
  3 centaurs (D:7)
  5 kobold brigands
  2 necrophages
  11 bullfrogs
  3 scorpions
  12 killer bees
  9 howler monkeys
  A centaur zombie (Ossuary)
  A hound (D:6)
  A human zombie (Ossuary)
  A jelly (D:6)
  18 orc priests
  2 gnoll boudas
  Ijyb (D:5)
  6 iguanas
  20 orc wizards
  A hound zombie (Ossuary)
  3 mummies (Ossuary)
  18 gnolls
  13 adders
  A shadow imp (D:7)
  3 white imps
  An ufetubus (D:5)
  A swamp drake simulacrum (Swamp:4)
  4 adder zombies (Ossuary)
  A worm (D:3)
  2 dart slugs (D:4)
  51 orcs
  10 ball pythons
  6 bats
  5 endoplasms
  6 giant cockroaches
  5 goblins
  6 hobgoblins
  3 quokkas
  2 frilled lizards
  6 goblin zombies
  4 hobgoblin zombies (Ossuary)
  4 jackal zombies (Ossuary)
  12 kobolds
  2 kobold zombies (Ossuary)
  An orc zombie (Ossuary)
  3 quokka zombies (Ossuary)
  3 rats
  3 rat zombies
831 creatures vanquished.

Vanquished Creatures (collateral kills)
  2 thorn hunters
  Roxanne (Spider:1)
  A ghost moth (Spider:3)
  A broodmother (Spider:2)
  An eleionoma (Swamp:4)
  An entropy weaver (Spider:2)
  2 catoblepae
  Erolcha (D:13)
  3 alligators
  A radroach (Spider:2)
  A boulder beetle (D:14)
  A two-headed ogre (D:9)
  A thrashing horror (Lair:5)
  2 goliath frogs
  2 spriggan druids
  2 ugly things
  3 wolf spiders
  2 will-o-the-wisps
  An orc sorcerer (Orc:2)
  2 cyclopes
  A black mamba (Lair:1)
  3 demonic crawlers
  3 cane toads
  2 freezing wraiths
  A rime drake (Lair:5)
  An ancient zyme (Lair:5)
  A troll (Orc:2)
  2 polar bears
  3 hornets
  3 tarantellas (Spider:1)
  2 blink frogs
  2 slime creatures
  2 jumping spiders
  Sigmund (D:4)
  5 spriggans
  A wyvern (Lair:2)
  8 yaks
  2 ynoxinuls (Lair:5)
  A vampire (D:14)
  3 redbacks
  2 steam dragons
  2 basilisks
  A swamp worm simulacrum (Swamp:4)
  A swamp worm (Lair:2)
  3 hydra simulacra (Swamp:4)
  3 water moccasins
  4 orc warriors
  2 black bears
  2 ogres
  A wolf (Lair:4)
  An elf zombie (Ossuary)
  A necrophage (D:6)
  2 bullfrogs
  A gnoll sergeant (D:10)
  3 scorpions
  3 killer bees
  A howler monkey (D:8)
  A centaur zombie (Ossuary)
  2 hounds
  A jelly (D:3)
  A gnoll bouda (D:5)
  An orc priest (D:5)
  An iguana (Lair:3)
  4 orc wizards
  2 gnolls
  2 adders
  A swamp drake simulacrum (Swamp:4)
  An adder zombie (Ossuary)
  18 orcs
  An endoplasm (D:4)
  A goblin (D:4)
  A ball python (D:3)
  A gnoll zombie (Ossuary)
  A hobgoblin zombie (Ossuary)
  5 kobolds
  An orc zombie (Ossuary)
157 creatures vanquished.

Vanquished Creatures (others)
  A goliath frog (Swamp:1)
  A will-o-the-wisp (Swamp:4)
  A hornet (Swamp:4)
  3 bloated husks
  2 spriggans (Swamp:4)
  2 vampire mosquitoes (Swamp:1)
  A swamp drake (Swamp:4)
  25 hexers
  A gnoll (D:8)
  10 foxfires
  52 fungi
  58 plants
157 creatures vanquished.

Grand Total: 1145 creatures vanquished

Notes
Turn   | Place    | Note
-------+----------+-------------------------------------------
     0 | D:1      | porpoise the Demonspawn Monk began the quest for the Orb.
     0 | D:1      | Reached XP level 1. HP: 18/18 MP: 1/1
   347 | D:1      | Gained mutation: You may rarely emit foul miasma when
                  | damaged in melee. [demonic ancestry]
   347 | D:1      | Reached XP level 2. HP: 24/24 MP: 2/2
   456 | D:1      | Found a faded altar of an unknown god.
  1538 | D:2      | Gained mutation: You are partially covered in thin metallic
                  | scales. (AC +2) [demonic ancestry]
  1538 | D:2      | Reached XP level 3. HP: 29/29 MP: 3/3
  1612 | D:2      | Gained mutation: A meltable shield of frost defends you.
                  | (SH +4) [demonic ancestry]
  1612 | D:2      | Reached XP level 4. HP: 26/37 MP: 4/4
  2381 | D:3      | Found an opulent altar of Gozag.
  2388 | D:3      | Found a hazy altar of Hepliaklqana.
  2437 | D:3      | Became a worshipper of Hepliaklqana the Forgotten
  2437 | D:3      | Reached * piety under Hepliaklqana
  2437 | D:3      | Reached ** piety under Hepliaklqana
  2438 | D:3      | Remembered your ancestor Niki as a hexer
  2492 | D:3      | Reached XP level 5. HP: 37/37 MP: 5/5
  2532 | D:3      | Found a blossoming altar of Fedhas.
  3227 | D:4      | Noticed Sigmund
  3234 | D:4      | Killed Sigmund
  3235 | D:4      | Reached skill level 5 in Long Blades
  3235 | D:4      | Gained mutation: A meltable icy envelope protects you from
                  | harm. (AC +4) [demonic ancestry]
  3235 | D:4      | Reached XP level 6. HP: 44/44 MP: 6/6
  3536 | D:4      | Noticed Edmund
  3545 | D:4      | Killed Edmund
  3546 | D:4      | Reached skill level 5 in Fighting
  3546 | D:4      | Reached XP level 7. HP: 36/50 MP: 7/7
  3714 | D:4      | Noticed Eustachio
  3732 | D:4      | Killed Eustachio
  4561 | D:5      | Entered Level 5 of the Dungeon
  4901 | D:5      | Reached *** piety under Hepliaklqana
  4913 | D:5      | Reached XP level 8. HP: 8/57 MP: 8/8
  5604 | D:5      | Noticed Ijyb
  5611 | D:5      | Killed Ijyb
  6046 | D:6      | Identified a scroll of acquirement
  6046 | D:6      | Acquired the +5 sword of Power {vorpal}
  6046 | D:6      | Found the +5 sword of Power {vorpal}
  6240 | D:6      | Found Pahituypp's Magic Scroll Shoppe.
  6259 | D:6      | Reached skill level 1 in Armour
  6259 | D:6      | Reached skill level 1 in Invocations
  6290 | D:6      | Found Memozi's Book Shoppe.
  6401 | D:6      | Found a sand-covered staircase.
  6413 | Ossuary  | Entered an ossuary
  6462 | Ossuary  | Reached XP level 9. HP: 64/64 MP: 11/11
  6806 | D:6      | Found a staircase to the Ecumenical Temple.
  7375 | D:7      | Reached **** piety under Hepliaklqana
  7417 | D:7      | Identified the +9 long sword of the Red Skies {vorpal, rF+
                  | Str-3 Int+5 Stlth+}
  7501 | D:7      | Reached skill level 5 in Invocations
  7712 | D:7      | Noticed a boulder beetle
  7738 | D:7      | Killed a boulder beetle
  7782 | D:7      | Reached skill level 10 in Long Blades
  7829 | D:8      | Found a staircase to the Lair.
  7848 | D:8      | Gained mutation: You have a small tail. [demonic ancestry]
  7848 | D:8      | Reached XP level 10. HP: 62/71 MP: 15/15
  7875 | D:8      | Reached skill level 5 in Armour
  8903 | Lair:1   | Entered Level 1 of the Lair of Beasts
  9046 | Lair:1   | Noticed Joseph
  9052 | Lair:1   | Killed Joseph
  9079 | Lair:1   | Noticed a black mamba
  9086 | Lair:1   | Killed a black mamba
  9145 | Lair:1   | Reached skill level 10 in Invocations
  9353 | Lair:1   | Reached XP level 11. HP: 67/75 MP: 19/19
  9455 | Lair:1   | Noticed an oklob plant
  9468 | Lair:1   | Killed an oklob plant
 10304 | Lair:2   | Found a staircase to the Swamp.
 10572 | Lair:2   | Reached skill level 1 in Evocations
 10713 | Lair:2   | Reached ***** piety under Hepliaklqana
 10767 | Lair:2   | Identified the +2 chain mail of the Impish God {MP-9 Int+5
                  | Dex+5}
 10897 | Lair:2   | Found a runed translucent gate.
 10897 | Lair:2   | Found a runed translucent gate.
 10898 | Lair:2   | Found a runed translucent gate.
 10900 | Lair:2   | Noticed Mubboch's ghost (journeyman TeBr)
 10900 | Lair:2   | Noticed Ehaohe's ghost (journeyman DrBe)
 10901 | Lair:2   | Noticed Puis's ghost (journeyman DgIE)
 11528 | Lair:3   | Found a hole to the Spider Nest.
 11529 | Lair:3   | Noticed a catoblepas
 11547 | Lair:3   | Killed a catoblepas
 11548 | Lair:3   | Reached skill level 5 in Dodging
 11688 | Lair:3   | Identified the +1 pair of boots of the Ladybird {Int+3}
 12071 | Lair:3   | Noticed Fannar
 12082 | Lair:3   | Reached XP level 12. HP: 81/81 MP: 21/21
 12099 | Lair:3   | Killed Fannar
 12368 | Lair:3   | Acquired a manual of Fighting
 12455 | Lair:3   | Reached skill level 5 in Evocations
 13386 | Lair:4   | Noticed a five-headed hydra
 13395 | Lair:4   | Killed a five-headed hydra
 13994 | Lair:4   | Found a viscous altar of Jiyva.
 13994 | Lair:4   | Found a staircase to the Slime Pits.
 14187 | Lair:5   | Entered Level 5 of the Lair of Beasts
 14201 | Lair:5   | Noticed a death yak
 14217 | Lair:5   | Killed a death yak
 14218 | Lair:5   | Reached skill level 10 in Fighting
 14693 | Lair:5   | Reached ****** piety under Hepliaklqana
 14819 | Lair:5   | Noticed a five-headed hydra
 14831 | Lair:5   | Killed a seven-headed hydra
 14920 | Lair:5   | Reached XP level 13. HP: 95/95 MP: 22/22
 15023 | Lair:5   | Upgraded the game from 0.30-a0-305-g026cb31310 to
                  | 0.30-a0-310-g7d6cbdfea6
 16041 | Lair:5   | Found a corrupted altar of Lugonu.
 16041 | Lair:5   | Found a one-way gate to the infinite horrors of the Abyss.
 16548 | D:9      | Found Epior's Armour Shop.
 16551 | D:9      | Bought a +2 helmet of see invisible for 322 gold pieces
 16562 | D:9      | Bought a +2 pair of boots of flying for 322 gold pieces
 16574 | D:9      | Bought a +0 buckler for 67 gold pieces
 16960 | D:9      | Reached skill level 1 in Shields
 17003 | D:9      | Paralysed by an orc warrior for 2 turns
 17379 | D:10     | Entered Level 10 of the Dungeon
 17994 | D:10     | Noticed Nergalle
 18003 | D:10     | Killed Nergalle
 18228 | D:10     | Found a staircase to the Orcish Mines.
 18232 | D:10     | Gained mutation: You are mostly covered in thin metallic
                  | scales. (AC +3) [demonic ancestry]
 18232 | D:10     | Reached XP level 14. HP: 108/108 MP: 23/23
 18522 | D:10     | Noticed Sonja
 18522 | D:10     | Noticed Lodul
 18529 | D:10     | Killed Sonja
 18532 | D:10     | Killed Lodul
 19009 | D:11     | Reached skill level 5 in Shields
 20217 | D:12     | Noticed Rupert
 20585 | D:12     | Noticed Josephine
 20592 | D:12     | Killed Rupert
 20595 | D:12     | Killed Josephine
 21325 | D:13     | Noticed Nessos
 21343 | D:13     | Killed Nessos
 21644 | D:13     | Noticed Erolcha
 21660 | D:13     | Reached skill level 15 in Fighting
 21660 | D:13     | Killed Erolcha
 21788 | D:13     | Reached skill level 1 in Short Blades
 21820 | D:13     | Found a gate to the Vaults.
 22359 | Lair:1   | Upgraded the game from 0.30-a0-310-g7d6cbdfea6 to
                  | 0.30-a0-311-gf115ab0292
 22816 | D:14     | Identified the ring "Jeosix" {Ice +Blink Fly rPois Int+4}
 22848 | D:14     | Found a runed translucent gate.
 22848 | D:14     | Found a runed translucent gate.
 22848 | D:14     | Found a runed translucent gate.
 23933 | D:15     | Entered Level 15 of the Dungeon
 23941 | D:15     | Reached skill level 5 in Stealth
 24117 | D:15     | Found a staircase to the Depths.
 24117 | D:15     | Noticed a stone giant
 24135 | D:15     | Killed a stone giant
 24178 | D:15     | Noticed Kirke
 24196 | D:15     | Killed Kirke
 24197 | D:15     | Reached XP level 15. HP: 113/116 MP: 24/24
 24532 | D:15     | Reached skill level 15 in Long Blades
 25391 | Orc:1    | Entered Level 1 of the Orcish Mines
 25694 | Orc:1    | Found a burning altar of Makhleb.
 26035 | Orc:1    | Found Xuytay's Antique Weapon Shop.
 26044 | Orc:1    | Bought a glowing rapier for 140 gold pieces
 26172 | Orc:2    | Entered Level 2 of the Orcish Mines
 26172 | Orc:2    | Found Fore's Assorted Antiques.
 26500 | Orc:2    | Found a transporter.
 26538 | Orc:2    | Noticed jlumianski's ghost (journeyman DsGl)
 26542 | Orc:2    | Identified the +6 great mace of Wrongful Imprisonment
                  | {vorpal, rF- Str+4 Int+7 SInv}
 26588 | Orc:2    | Found a staircase to the Elven Halls.
 26774 | Orc:2    | Found a transporter.
 26892 | Orc:2    | HP: 3/116 [orc knight/+0 great sword (22)]
 27432 | Orc:2    | Found Archaq Ydoapn's General Store.
 27444 | Orc:2    | Found Dygaw's Book Emporium.
 27453 | Orc:2    | Found Jezirak's Antique Armour Emporium.
 27686 | Orc:2    | Found Valeog Newowk's Antique Weapon Emporium.
 27692 | Orc:2    | Bought an ichor-stained shortbow for 224 gold pieces
 27692 | Orc:2    | Identified the +1 shortbow "Kietoqiw" {drain, Int-5 Dex+10}
                  | (You bought it in a shop on level 2 of the Orcish Mines)
 27692 | Orc:2    | Bought a glowing scimitar for 196 gold pieces
 27765 | Orc:2    | Bought a scroll of blinking for 127 gold pieces
 27765 | Orc:2    | Bought a potion of resistance for 170 gold pieces
 28105 | Swamp:1  | Entered Level 1 of the Swamp
 28527 | Swamp:1  | Noticed a thorn hunter
 28537 | Swamp:1  | Killed a thorn hunter
 28889 | Swamp:1  | Reached skill level 5 in Short Blades
 28901 | Swamp:1  | Noticed a thorn hunter
 28919 | Swamp:1  | Killed a thorn hunter
 29191 | Swamp:1  | Noticed a fenstrider witch
 29202 | Swamp:1  | Killed a fenstrider witch
 29514 | Swamp:2  | Reached skill level 10 in Dodging
 29690 | Swamp:2  | Identified the +2 leather armour of Fynn {rPois Will+ Str+3
                  | Int-2}
 29721 | Swamp:2  | Noticed a thorn hunter
 29728 | Swamp:2  | Noticed a fenstrider witch
 29730 | Swamp:2  | Killed a thorn hunter
 29742 | Swamp:2  | Killed a fenstrider witch
 29983 | Swamp:2  | Gained mutation: You have a tail ending in a sharp stinger.
                  | [demonic ancestry]
 29983 | Swamp:2  | Reached XP level 16. HP: 113/122 MP: 25/25
 30627 | D:6      | Bought a scroll of enchant armour for 90 gold pieces
 31538 | Swamp:4  | Entered Level 4 of the Swamp
 31792 | Swamp:4  | Reached skill level 10 in Stealth
 33149 | Swamp:4  | Got a decaying rune of Zot
 34257 | Orc:2    | Killed jlumianski's ghost
 34295 | Orc:2    | Identified the +1 plate armour of the Eight Gods {rF+++
                  | Will+ Str+3 Dex-5}
 34558 | Lair:2   | Killed Puis's ghost
 34561 | Lair:2   | Killed Ehaohe's ghost
 34573 | Lair:2   | Killed Mubboch's ghost
 34948 | Spider:1 | Entered Level 1 of the Spider Nest
 35694 | Spider:1 | Reached XP level 17. HP: 123/126 MP: 26/26
 35873 | Spider:1 | Reached skill level 1 in Throwing
 36746 | Spider:1 | Noticed Roxanne
 36771 | Spider:1 | Killed Roxanne
 37265 | Spider:2 | Noticed Arachne
 37411 | Spider:1 | Killed Arachne
 37691 | Spider:2 | Noticed Frances
 37712 | Spider:2 | Killed Frances
 38736 | Spider:2 | Identified the +5 flail "Transmigrator" {vorpal, rC- Str+4}
 38746 | Spider:2 | Reached skill level 10 in Armour
 39606 | Spider:3 | Reached skill level 5 in Throwing
 40253 | Spider:3 | Noticed Donald
 40298 | Spider:2 | HP: 2/127 [Donald/+1 double sword of freezing (34)]
 40298 | Spider:2 | Mangled by Donald

Illustrated notes

Levels and vault maps discovered:
D:1:      elethiomel_arrival_maze, layout_basic, serial_forest,
          infiniplex_forest_3_way, infiniplex_forest_lined_2,
          infiniplex_forest_lined_2, infiniplex_forest_lined_room_2,
          infiniplex_forest_straight_3, infiniplex_forest_lined_3_way,
          shapermc_ecumenical_altar_starsandcircs, dk_noncrumbling_2,
          chequers_serial_rivers_micro_b
D:2:      layout_loops_cross, kennysheep_pointless_box
D:3:      layout_basic, mainiacjoe_overflow_catwalk_spiral,
          fedhas_altar_fruit_tree
D:4:      layout_cave_pods, nicolae_concentric_dashed_squares_wild,
          uniq_eustachio, uniq_sigmund, uniq_edmund
D:5:      layout_gridville, uniq_ijyb
D:6:      layout_loops_cross, minmay_temple_entry_fiery, enter_ossuary_4,
          nicolae_wooded_promenade
D:7:      cheibrodos_barr_body, layout_cave_pools,
          amcnicky_mini_corridor_feature
D:8:      layout_loops_ring, due_lair_maze_entry_diamond,
          minmay_unpleasant_kobolds
D:9:      minmay_bloctagon, layout_long_grid, serial_shops,
          nicolae_stop_n_shop_2
D:10:     minmay_bloctagon_deflated, layout_loops_ring,
          kennysheep_orc_monster_closet_entryway, uniq_sonja, uniq_nergalle,
          uniq_lodul
D:11:     layout_basic, minmay_misc_feat_roman, small_statue_alley_a
D:12:     layout_stronghold, uniq_josephine, uniq_rupert
D:13:     layout_cave_pools, ximxim_vaults_locker_room, uniq_nessos,
          uniq_erolcha
D:14:     layout_stronghold, hangedman_glass_teeth,
          ploomutoo_gammafunk_ghost_potion_laboratory
D:15:     grunt_enter_depths_giant_problem, layout_loops_corners,
          nicolae_lava_and_water, uniq_kirke
Lair:1:   layout_long_grid, grunt_megastairs_1, uniq_joseph
Lair:2:   layout_cellular_growth, minmay_swamp_entry_worms,
          gammafunk_ghost_cemetery
Lair:3:   beast_lair_carwin_large_1, layout_cave_pods, spider_nest_entry_rubble,
          nicolae_lair_lil_pond, uniq_fannar
Lair:4:   layout_cellular_growth, slime_entry_1, grunt_megastairs_2,
          serial_bayou_shore_b, serial_bayou_shore_b
Lair:5:   hellmonk_lair_end_abyssal_woods, layout_hall_layers,
          chequers_serial_rivers_micro_c, st_stairs_11
Swamp:1:  layout_falls_marsh, evilmike_swamp_ruin_wall
Swamp:2:  layout_falls_marsh, nicolae_swamp_small_spring
Swamp:3:  layout_basic_swamp, hangedman_swamp_cone
Swamp:4:  swamp_icy, layout_basic_swamp, swamp_pool5
Spider:1: layout_chambers, hellmonk_spider_spawner, uniq_roxanne
Spider:2: layout_spider_delve, nicolae_spider_paper_wasps, uniq_frances,
          uniq_arachne
Spider:3: nicolae_spider_hilbert_zone_4 [nicolae_spider_hilbert_4_sides_2_open,
          nicolae_spider_hilbert_4_sides_1_open,
          nicolae_spider_hilbert_4_sides_1_open,
          nicolae_spider_hilbert_4_sides_1_open,
          nicolae_spider_hilbert_4_sides_1_open,
          nicolae_spider_hilbert_2_sides_1_open,
          nicolae_spider_hilbert_2_sides_1_open,
          nicolae_spider_hilbert_2_sides_1_open,
          nicolae_spider_hilbert_2_sides_1_open,
          nicolae_spider_hilbert_6_sides_1_open,
          nicolae_spider_hilbert_6_sides_1_open,
          nicolae_spider_hilbert_3_sides_1_open,
          nicolae_spider_hilbert_3_sides_1_open], drop_trap,
          nicolae_spider_jagged_tunnels, uniq_mara, uniq_donald
Orc:1:    layout_caves, basic_altar, serial_shops, nicolae_shop_statue_plus,
          minmay_orc_keep
Orc:2:    grunt_orc_cross, layout_diamond_mine, gammafunk_ghost_smash,
          serial_shops, nicolae_shop_overgrown_old_shop, mines1_david

Skill      XL: |  1  2  3  4  5  6  7  8  9 10 11 12 13 14 15 16 17 |
---------------+----------------------------------------------------+-----
Long Blades    | 3 4 5 6 7 9 10 11 12 14 15 | 15.1
Fighting       | 4 5 6 7 11 14 15 | 15.0
Armour         | 1 4 5 7 10 | 10.8
Invocations    | 2 7 10 12 | 12.0
Dodging        | 5 8 10 12 | 12.0
Evocations     | 4 6 7 |  7.6
Stealth        | 2 3 5 8 10 | 10.0
Shields        | 4 7 9 |  9.0
Short Blades   | 2 6 9 |  9.9
Throwing       | 5 |  5.7

Action                   |  1- 3 |  4- 6 |  7- 9 | 10-12 | 13-15 | 16-18 || total
-------------------------+-------+-------+-------+-------+-------+-------++-------
Melee: Falchion          |    27 |       |       |       |       |       ||    27
       Long sword        |    72 |    83 |   100 |   290 |   961 |   624 ||  2130
       Punch             |       |     1 |     2 |     7 |     2 |       ||    12
       Dagger            |       |     4 |    77 |     1 |    29 |    34 ||   145
       Great sword       |       |       |   113 |   123 |       |       ||   236
       Tailslap          |       |       |       |    74 |   211 |   166 ||   451
       Flail             |       |       |       |     5 |       |       ||     5
       Scimitar          |       |       |       |       |    51 |    56 ||   107
 Fire: Sling             |       |       |     2 |     1 |       |       ||     3
Throw: Dart              |       |    13 |    17 |     1 |    17 |    61 ||   109
Invok: Ancestor Life: He |       |     1 |       |       |       |       ||     1
       Ancestor Identity |       |     1 |       |       |       |       ||     1
       Recall Ancestor   |       |     1 |     1 |       |     2 |     1 ||     5
       Idealise          |       |       |       |     1 |     1 |     2 ||     4
       Transference      |       |       |       |       |     1 |     1 ||     2
Evoke: Lightning rod     |       |       |       |     3 |    11 |       ||    14
       Wand              |       |       |       |     1 |    12 |     6 ||    19
       Condenser vane    |       |       |       |       |     5 |     2 ||     7
  Use: Scroll            |       |    10 |    10 |    10 |     8 |    16 ||    54
       Potion            |       |     1 |     1 |     1 |     8 |     9 ||    20
 Stab: Sleeping          |     3 |       |     7 |     4 |     4 |     2 ||    20
       Confused          |       |     4 |    10 |     8 |    35 |    19 ||    76
       Distracted        |       |       |     2 |     4 |    29 |    25 ||    60
       Held in net/web   |       |       |       |     1 |       |       ||     1
       Petrified         |       |       |       |       |     2 |       ||     2
       Paralysed         |       |       |       |       |    37 |    42 ||    79
       Invisible         |       |       |       |       |       |     5 ||     5
Armor: Robe              |    18 |       |       |       |       |       ||    18
       Ring mail         |    19 |    25 |       |       |   155 |     2 ||   201
       Scale mail        |       |       |    60 |       |       |       ||    60
       Skin              |       |       |     1 |       |       |       ||     1
       Leather armour    |       |       |    72 |   164 |    86 |       ||   322
       Swamp dragon scal |       |       |       |       |       |   242 ||   242
Dodge: Dodged            |    64 |    33 |   150 |   327 |   548 |   532 ||  1654
Block: Other             |       |    13 |    50 |    55 |    12 |       ||   130
       Buckler           |       |       |       |       |   314 |   640 ||   954
       Reflection        |       |       |       |       |       |     8 ||     8

Table legend: (Time is in decaauts)
 A = Elapsed time spent in this place.
 B = Non-inter-level travel time spent in this place.
 C = Inter-level travel time spent in this place.
 D = Time resting spent in this place.
 E = Time spent auto-exploring this place.
 F = Levels seen in this place.
 G = Mean time per level.
                   A        B        C        D        E       F      G
               +--------+--------+--------+--------+--------+-----+--------+
         Total |  39809 |  36200 |   3609 |  12110 |  16297 |  30 | 1327.0 |
       Dungeon |  17564 |  16004 |   1560 |   4329 |   8874 |  15 | 1170.9 |
          Lair |   9391 |   7814 |   1577 |   2229 |   3786 |   5 | 1878.2 |
         Swamp |   5121 |   4941 |    180 |   2318 |   1622 |   4 | 1280.2 |
   Spider Nest |   4801 |   4683 |    118 |   2403 |    886 |   3 | 1600.3 |
  Orcish Mines |   2619 |   2446 |    173 |    805 |   1097 |   2 | 1309.5 |
       Ossuary |    312 |    312 |      0 |     25 |     31 |   1 |  312.0 |
               +--------+--------+--------+--------+--------+-----+--------+

Top non-repeatable levels by time:
Spider:1: 2973 daAuts
  Lair:1: 2784 daAuts
  Lair:3: 1857 daAuts
   Orc:2: 1809 daAuts
 Swamp:3: 1771 daAuts
    D:10: 1642 daAuts
  Lair:2: 1637 daAuts
  Lair:5: 1633 daAuts
Spider:2: 1632 daAuts
    D:14: 1543 daAuts
  Lair:4: 1479 daAuts
     D:5: 1473 daAuts
    D:12: 1401 daAuts
     D:1: 1384 daAuts
 Swamp:1: 1378 daAuts
